 Dungeon Crawl Stone Soup version 0.23.1-38-g628c18f423 (webtiles) character file.

Game seed: 6530108394676058474

451 PentaManta the Slinger (level 7, 0/43 HPs)
             Began as a Halfling Hunter on Mar 29, 2019.
             Was a Follower of Nemelex Xobeh.
             Slain by a sky beast (5 damage)
             ... on level 5 of the Dungeon.
             The game lasted 00:10:48 (4507 turns).

PentaManta the Slinger (Halfling Hunter)            Turns: 4507, Time: 00:10:49

Health: 0/43       AC:  3    Str: 15    XL:     7   Next: 25%
Magic:  7/7        EV: 17    Int:  9    God:    Nemelex Xobeh [*.....]
Gold:   297        SH:  0    Dex: 15    Spells: 6/6 levels left

rFire    . . .     SeeInvis .   a - +1 hunting sling
rCold    . . .     Gourm    .   (shield restricted)
rNeg     . . .     Faith    .   c - +0 leather armour
rPois    .         Spirit   .   (no helmet)
rElec    .         Reflect  .   (no cloak)
rCorr    .         Harm     .   (no gloves)
MR       .....                  (no boots)
Stlth    ++........             (no amulet)
HPRegen  0.14/turn              (no ring)
MPRegen  0.10/turn              (no ring)

@: no status effects
A: small, reduced essence, mutation resistance 1
a: Draw Escape, Draw Destruction, Draw Summoning, Renounce Religion


You were on level 5 of the Dungeon.
You worshipped Nemelex Xobeh.
Nemelex Xobeh was aware of your devotion.
You were not hungry.

You visited 2 branches of the dungeon, and saw 6 of its levels.

You collected 297 gold pieces.

Inventory:

Hand Weapons
 a - a +1 hunting sling (weapon)
 b - a +0 short sword
Missiles
 h - 94 stones (quivered)
Armour
 c - a +0 leather armour (worn)
 o - a +0 chain mail
Jewellery
 s - a cursed ring of teleportation {unknown}
Scrolls
 d - a scroll of enchant armour {unknown}
 e - 4 scrolls of remove curse {unknown}
 i - 4 scrolls of enchant weapon {unknown}
 j - a scroll of teleportation {unknown}
 k - 2 scrolls of amnesia {unknown}
 l - 5 scrolls of identify {unknown}
 p - 3 scrolls of magic mapping {unknown}
 r - a scroll of noise {unknown}
 u - a scroll of fog {unknown}
 v - a scroll of random uselessness {unknown}
Potions
 g - a potion of lignification {unknown}
 m - 2 potions of heal wounds {unknown}
 n - 2 potions of berserk rage {unknown}
 q - a potion of flight {unknown}
 t - a potion of magic {unknown}
 w - a potion of agility {unknown}
Comestibles
 f - 6 rations


   Skills:
 + Level 4.0 Fighting
 + Level 8.2 Slings
 + Level 4.9 Dodging
 - Level 1.1 Stealth


You had 6 spell levels left.
You didn't know any spells.
Your spell library contained the following spells:

 Spells                   Type           Power        Failure   Level  Hunger
 Animate Skeleton         Necr           N/A          45%         1    ##.....
 Apportation              Tloc           #.....       45%         1    ##.....
 Confusing Touch          Hex            #.....       45%         1    ##.....
 Summon Small Mammal      Summ           #...         45%         1    ##.....


Dungeon Overview and Level Annotations

Branches:
Dungeon (5/15)             Temple (1/1) D:4

Altars:
Cheibriados
Dithmenos
Elyvilon
Fedhas
Gozag
Hepliaklqana
Kikubaaqudgha
Makhleb
Nemelex Xobeh
Okawaru
Qazlal
Ru
Sif Muna
Trog
Uskayaw
Vehumet
Wu Jian
Xom
Yredelemnul
Zin
The Shining One


Innate Abilities, Weirdness & Mutations

You are small and have problems with some larger weapons.
You are somewhat resistant to further mutation.
Your life essence is reduced to manifest your ancestor. (-10% HP)


Message History

You shoot a stone. The stone hits the sky beast.
The sky beast is heavily wounded.
You hear a splash.
The sky beast hits you. The sky beast shocks you.
* * * LOW HITPOINT WARNING * * *
Firing (i - inventory)
h - 96 stones (quivered)
Press: ? - help, Shift-Dir - straight line, f/p - sky beast
Aim: a sky beast (heavily wounded)
You shoot a stone. The stone barely misses the sky beast.
Firing (i - inventory)
h - 95 stones (quivered)
Press: ? - help, Shift-Dir - straight line, f/p - sky beast
Aim: a sky beast (heavily wounded)
You shoot a stone. The stone hits the sky beast.
The sky beast is heavily wounded.
You hear a splash.
The sky beast hits you.
* * * LOW HITPOINT WARNING * * *
The sky beast shocks you.
You die...
Your body disappears without a glow.

#.#.#.###..##.#..
####.#.#.........###
#....#....##..######
#.#######...........
#..(.#........##.###
###..#.##.##..##.#
##..#(##.##..##.#
#.Y(.(##.##..##.#
#.@#####.##..##.#
#..# #.##..##.#
#.... #.###.##.#
#.###. .#... #. ..
#. ## #. # . #


You could see a sky beast.

Vanquished Creatures
  An ogre (D:4)
  A howler monkey (D:5)
  A crimson imp (D:5)
  A bullfrog zombie (D:5)
  An orc priest (D:4)
  A hound (D:2)
  2 bullfrog skeletons
  2 orc wizards (D:3)
  A hound skeleton (D:5)
  A howler monkey zombie (D:5)
  5 gnolls
  6 adders
  A shadow imp (D:5)
  2 oozes
  2 worms
  2 dart slugs
  4 leopard geckos
  11 orcs
  A ball python (D:3)
  6 bats
  6 giant cockroaches
  12 goblins
  5 hobgoblins
  10 jackals
  5 quokkas
  5 frilled lizards
  5 kobolds
  A leopard gecko skeleton (D:4)
  6 rats
107 creatures vanquished.

Vanquished Creatures (collateral kills)
  A howler monkey (D:5)
  An orc (D:5)
2 creatures vanquished.

Vanquished Creatures (others)
  An ogre (D:5)
  An orc wizard (D:5)
  A jackal (D:5)
3 creatures vanquished.

Grand Total: 112 creatures vanquished

Notes
Turn   | Place    | Note
-------+----------+-------------------------------------------
     0 | D:1      | PentaManta the Halfling Hunter began the quest for the Orb.
     0 | D:1      | Reached XP level 1. HP: 14/14 MP: 1/1
    58 | D:1      | Reached skill level 6 in Slings
    71 | D:1      | Reached XP level 2. HP: 18/19 MP: 2/2
   231 | D:1      | Reached XP level 3. HP: 7/24 MP: 3/3
  1223 | D:2      | Reached XP level 4. HP: 12/30 MP: 4/4
  1271 | D:2      | Reached XP level 5. HP: 20/36 MP: 5/5
  1280 | D:2      | Reached skill level 7 in Slings
  1812 | D:2      | Found an opulent altar of Gozag.
  2231 | D:3      | Found a faded altar of an unknown god.
  2301 | D:3      | Reached XP level 6. HP: 35/42 MP: 6/6
  2934 | D:4      | Noticed an ogre
  2943 | D:4      | Killed an ogre
  2943 | D:4      | Reached skill level 8 in Slings
  2943 | D:4      | Reached XP level 7. HP: 47/47 MP: 7/7
  3013 | D:4      | Found a staircase to the Ecumenical Temple.
  3047 | Temple   | Entered the Ecumenical Temple
  3135 | Temple   | Became a worshipper of Hepliaklqana the Forgotten
  3446 | Temple   | Fell from the grace of Hepliaklqana
  3446 | Temple   | Became a worshipper of Nemelex Xobeh the Trickster
  3614 | D:4      | Received a gift from Nemelex Xobeh
  3776 | D:5      | Entered Level 5 of the Dungeon
  3925 | D:5      | Found an ornate altar of the Wu Jian Council.
  3926 | D:5      | Found a radiant altar of Vehumet.
  3990 | D:5      | Received a gift from Nemelex Xobeh
  4014 | D:5      | Found a blossoming altar of Fedhas.
  4046 | D:5      | Found a bloodstained altar of Trog.
  4145 | D:5      | Reached * piety under Nemelex Xobeh
  4507 | D:5      | Slain by a sky beast

Skill      XL: |  1  2  3  4  5  6  7 |
---------------+----------------------+-----
Fighting       | 2 3 4 |  4.0
Slings         | 6 7 8 |  8.2
Dodging        | 3 4 |  4.9
Stealth        | |  1.1

Action                   |  1- 3 |  4- 6 |  7- 9 || total
-------------------------+-------+-------+-------++-------
Melee: Hunting sling     |       |       |     2 ||     2
 Fire: Hunting sling     |    81 |   172 |   150 ||   403
Invok: Ancestor Identity |       |       |     2 ||     2
 Abil: Draw Destruction  |       |       |    10 ||    10
       Draw Escape       |       |       |     4 ||     4
       Draw Summoning    |       |       |     2 ||     2
  Eat: Chunk             |       |     6 |     4 ||    10
Armor: Leather armour    |     6 |     9 |    15 ||    30
Dodge: Dodged            |    35 |    27 |    42 ||   104
